Map: Oxide LE

Players

Rogue - Winner!

  • Race: Zerg Zerg
  • Spawn Location: 7:00

Scarlett

  • Race: Zerg Zerg
  • Spawn Location: 1:00

Event: StayAtHome Story Cup #3

VOD

Have the link to the VOD?

Description

Time

  • Played on: March 11, 2021, 8:17 a.m.
  • Length: 6:07

All games in this series

Show
View Real Time Build Order
Export as new Build Order

Rogue Zerg - Winner!

Build Orders: Hatch First 

Get SALT Encoding   

  12  0:00  Drone  
  13  0:12  Overlord  
  13  0:16  Drone  
  14  0:31  Drone x2  
  16  0:47  Hatchery  
  15  0:50  Drone  
  15  0:54  Drone  
  17  0:57  Drone  
  18  1:07  Extractor  
  17  1:12  Spawning Pool  
  17  1:16  Drone  
  17  1:18  Drone  
  18  1:28  Drone  
  19  1:39  Drone  
  20  1:50  Drone  
  21  1:59  Queen x2  
  21  2:01  Drone  
  26  2:02  Overlord  
  26  2:08  Metabolic Boost  
  26  2:11  Drone x2  
  28  2:24  Drone  
  28  2:25  Zergling x2  
  30  2:34  Hatchery  
  29  2:40  Drone  
  29  2:43  Drone x3  
  33  2:53  Overlord  
  33  2:54  Evolution Chamber  
  33  2:57  Drone  
  33  3:04  Drone x2  
  35  3:10  Drone  
  35  3:11  Queen  
  37  3:21  Zergling x8  
  37  3:22  Zergling x2  
  37  3:23  Zergling x2  
  43  3:32  Overlord  
  43  3:35  Zerg Ground Armor Level 1  
  43  3:44  Zergling x2  
  43  3:46  Zergling x2  
  43  3:47  Zergling x10  
  50  3:49  Overlord  
  50  3:52  Zergling x2  
  50  3:53  Zergling x2  
  52  3:57  Zergling x2  
  52  4:01  Baneling Nest  
  52  4:02  Zergling x2  
  53  4:03  Zergling x2  
  54  4:10  Overlord  
  54  4:11  Zergling x6  
  54  4:16  Overlord  
  57  4:20  Zergling x10  
  61  4:29  Zergling x4  
  61  4:30  Zergling x2  
  51  4:39  Zergling x4  
  53  4:45  Zergling x2  
  53  4:46  Zergling x6  
  53  4:49  Zergling x2  
  53  4:50  Zergling x2  
  58  4:53  Zergling x4  
  58  4:54  Zergling x10  
  65  5:02  Zergling x4  
  65  5:05  Baneling  
  65  5:06  Baneling  
  67  5:08  Zergling x2  
  68  5:16  Overlord  
  68  5:20  Zergling x10  
  73  5:24  Overlord  
  73  5:25  Baneling x7  
  73  5:26  Baneling  
  73  5:27  Zergling x2  
  74  5:34  Zergling x2  
  74  5:35  Zergling x8  
  80  5:42  Zergling x2  
  80  5:43  Zergling x6  
  80  5:49  Zergling x2  
Show
View Real Time Build Order
Export as new Build Order

Scarlett Zerg 

Build Orders: Hatch First 

Get SALT Encoding   

  12  0:00  Drone  
  13  0:12  Overlord  
  13  0:16  Drone  
  14  0:30  Drone x2  
  16  0:47  Hatchery  
  15  0:50  Drone  
  15  0:54  Drone  
  17  0:57  Drone  
  18  1:09  Extractor  
  17  1:12  Spawning Pool  
  17  1:15  Drone  
  17  1:19  Drone  
  18  1:28  Drone  
  19  1:38  Drone  
  20  1:49  Drone  
  21  1:58  Queen  
  21  1:59  Drone, Queen  
  21  2:00  Overlord  
  26  2:05  Evolution Chamber  
  25  2:10  Drone  
  25  2:11  Drone  
  27  2:21  Drone  
  27  2:22  Drone  
  29  2:32  Zerg Ground Armor Level 1  
  29  2:33  Drone x2  
  29  2:36  Queen  
  31  2:42  Overlord  
  33  2:44  Drone  
  34  2:57  Drone x2  
  36  3:03  Drone  
  37  3:06  Drone x7  
  37  3:10  Metabolic Boost  
  44  3:25  Overlord  
  44  3:33  Overlord  
  44  3:34  Hatchery  
  44  3:36  Drone  
  44  3:38  Overlord  
  44  3:43  Zergling x4  
  44  3:44  Zergling x8  
  44  3:45  Zergling x2  
  44  3:47  Zergling x2  
  52  3:54  Zergling x2  
  53  4:02  Zergling x2  
  54  4:05  Roach Warren, Lair  
  54  4:06  Zergling x4  
  55  4:10  Zergling x2  
  55  4:12  Zergling x4  
  55  4:15  Extractor  
  55  4:17  Extractor  
  55  4:26  Zergling x10  
  55  4:31  Queen  
  55  4:33  Zergling x2  
  55  4:34  Zergling x2  
  52  4:40  Drone x3  
  55  4:47  Queen  
  55  4:50  Overlord  
  55  4:51  Drone x2  
  59  4:54  Drone x4  
  63  5:04  Drone  
  66  5:07  Roach x2  
  66  5:12  Roach  
  70  5:16  Overlord  
  70  5:17  Overlord  
  70  5:23  Overlord x2  
  70  5:29  Roach  
  70  5:30  Roach  
  74  5:36  Roach x4  
  74  5:41  Roach x2  
Tags
 
Add a new tag
Caveats
  • Supply blocks, unpowered buildings, or Contaminate may cause inaccurate times.
  • Supply counts are checked every 10 seconds.